[Event "47° Campionato Italiano Assoluto ASCID"]
[Site "Montesilvano (PE)"]
[Date "2019.09.02"]
[Round "3"]
[White "Scatà, Laura"]
[Black "Raffi, Francesco"]
[Result "0-1"]
[Board "6"]
[WhiteElo "1424"]
[BlackElo "1315"]
[TimeControl "40/6000+30:1200+30"]
[ECO "D00"]
[Opening "Queen's pawn, Mason variation"]
[PlyCount "60"]
[EventDate "2019.09.01"]
[EventRounds "7"]
[EventCountry "ITA"]
[Annotator "Bersca0.53"]

1. d4 d5 2. Bf4 Nf6 3. Nf3 e6 4. h3 c5 5. e3 Nc6 6. c3 c4 7. Nbd2 Bd6 8. Bxd6
Qxd6 9. Qe2 O-O 10. g3 Re8 11. Bg2 e5 12. O-O Bf5 13. Rae1 Bd3 14. Qd1 Bxf1 15.
dxe5 Nxe5 16. Bxf1 Qd7 17. Nd4 Nc6 18. N2f3 Ne4 19. Nxc6 bxc6 20. Kh2 Re6 21.
Nh4 Rf6 22. Qd4 Qd6 23. Re2 Nxg3 24. fxg3 Rxf1 25. Ng2 g5 26. Re1 Rf3 27. Kg1
Qxg3 28. Rf1 Rxf1+ 29. Kxf1 Qxh3 30. Kg1 Re8 0-1

[Event "47° Campionato Italiano Assoluto ASCID"]
[Site "Montesilvano (PE)"]
[Date "2019.09.02"]
[Round "3"]
[White "Battaglia, Gabriele"]
[Black "Trapletti, Cosetta"]
[Result "1-0"]
[Board "7"]
[WhiteElo "1382"]
[BlackElo "1248"]
[TimeControl "40/6000+30:1200+30"]
[ECO "A05"]
[Opening "Reti opening"]
[PlyCount "61"]
[EventDate "2019.09.01"]
[EventRounds "7"]
[EventCountry "ITA"]
[Annotator "Bersca0.53"]

1. Nf3 Nf6 2. g3 d5 3. Bg2 c6 4. O-O e6 5. d3 Be7 6. Nbd2 Nbd7 7. Re1 O-O 8. e4
b5 9. exd5 cxd5 10. Nd4 Qc7 11. Nxb5 Qc5 12. c4 d4 13. Bxa8 Ba6 14. Bg2 Ne5 15.
Nf3 Neg4 16. Nbxd4 Bb7 17. h3 e5 18. Nf5 Nh6 19. Bxh6 Nh5 20. Nxe7+ Qxe7 21.
Rxe5 Qf6 22. Rxh5 gxh6 23. Qd2 Qg7 24. Rxh6 f6 25. Re1 f5 26. Rh5 Qg6 27. Rg5
Rf6 28. Rxg6+ Rxg6 29. Re8+ Kf7 30. Qe3 Kf6 31. Qe7# 1-0

[Event "47° Campionato Italiano Assoluto ASCID"]
[Site "Montesilvano (PE)"]
[Date "2019.09.02"]
[Round "3"]
[White "Gamba, Annamaria"]
[Black "Gelmini, Marina Chiara"]
[Result "1-0"]
[Board "8"]
[WhiteElo "1006"]
[BlackElo "1440"]
[TimeControl "40/6000+30:1200+30"]
[ECO "A41"]
[Opening "Queen's pawn"]
[PlyCount "67"]
[EventDate "2019.09.01"]
[EventRounds "7"]
[EventCountry "ITA"]
[Annotator "Bersca0.53"]

1. d4 d6 2. e4 Nc6 3. Nf3 Bg4 4. Be2 Nf6 5. h3 Bh5 6. e5 dxe5 7. Nxe5 Bg6 8. O-O
e6 9. Be3 Bd6 10. Nxg6 fxg6 11. Qd2 O-O 12. Nc3 Bb4 13. Bc4 Qe8 14. a3 Bd6 15.
Ne2 a6 16. Nf4 b5 17. Bxe6+ Kh8 18. d5 Ne5 19. Bg4 Nexg4 20. hxg4 Nxg4 21. Ne6
Rf6 22. f3 Ne5 23. Bd4 Rf7 24. Rae1 Rd7 25. Bxe5 Bxe5 26. Rxe5 Re7 27. Rfe1 Qd7
28. Nc5 Qd8 29. Rxe7 Qg8 30. Qe3 Qf8 31. Nd7 Qd8 32. Re8+ Qxe8 33. Qxe8+ Rxe8
34. Rxe8# 1-0

[Event "47° Campionato Italiano Assoluto ASCID"]
[Site "Montesilvano (PE)"]
[Date "2019.09.02"]
[Round "3"]
[White "Bosetti, Giancarlo"]
[Black "Rivalta, Paolo"]
[Result "1-0"]
[Board "10"]
[WhiteElo "1335"]
[BlackElo "1440"]
[TimeControl "40/6000+30:1200+30"]
[ECO "C20"]
[Opening "King's pawn game"]
[PlyCount "75"]
[EventDate "2019.09.01"]
[EventRounds "7"]
[EventCountry "ITA"]
[Annotator "Bersca0.53"]

1. e4 e5 2. d4 Nf6 3. dxe5 Nxe4 4. Bd3 Nc5 5. Bc4 d6 6. exd6 cxd6 7. Nf3 Be6 8.
Bb5+ Nbd7 9. O-O Be7 10. Nd4 O-O 11. Nc3 Ne5 12. Nf3 Bg4 13. Be2 Qd7 14. Nxe5
Bxe2 15. Nxd7 Bxd1 16. Nxf8 Bxc2 17. Nd5 Bxf8 18. Re1 Be4 19. Nc7 Rc8 20. Nb5 a6
21. Nc3 h6 22. Nxe4 Nxe4 23. Rxe4 d5 24. Rd4 Rd8 25. Bg5 hxg5 26. Rad1 Re8 27.
Rxd5 Re6 28. Kf1 b6 29. Re1 Rh6 30. h3 g4 31. hxg4 Rh1+ 32. Ke2 Rh2 33. Kf3 Rh6
34. Rf5 g6 35. Rf6 Bg7 36. Re8+ Kh7 37. Rxf7 g5 38. Ree7 1-0

[Event "47° Campionato Italiano Assoluto ASCID"]
[Site "Montesilvano (PE)"]
[Date "2019.09.03"]
[Round "4"]
[White "Murgia, Stefano"]
[Black "Casadei, Marco"]
[Result "0-1"]
[Board "1"]
[WhiteElo "1603"]
[BlackElo "1931"]
[TimeControl "40/6000+30:1200+30"]
[ECO "A01"]
[Opening "Nimzovich-Larsen attack"]
[Variation "Indian variation"]
[PlyCount "40"]
[EventDate "2019.09.01"]
[EventRounds "7"]
[EventCountry "ITA"]
[Annotator "Bersca0.53"]

1. b3 Nf6 2. Bb2 g6 3. Bxf6 exf6 4. c4 Bg7 5. Nc3 Nc6 6. e3 d6 7. Nf3 O-O 8. Be2
f5 9. Rc1 Re8 10. O-O Ne5 11. d4 Ng4 12. d5 Nf6 13. Nd4 Ne4 14. Bf3 Qg5 15. Qd3
Nxc3 16. Rxc3 f4 17. exf4 Qxf4 18. Ne2 Qg5 19. Rcc1 Bf5 20. Qd1 Bb2 0-1

[Event "47° Campionato Italiano Assoluto ASCID"]
[Site "Montesilvano (PE)"]
[Date "2019.09.03"]
[Round "4"]
[White "Vrioni, Bersan"]
[Black "Pezzolato, Erica"]
[Result "1-0"]
[Board "2"]
[WhiteElo "1930"]
[BlackElo "1447"]
[TimeControl "40/6000+30:1200+30"]
[ECO "B00"]
[Opening "King's pawn opening"]
[PlyCount "48"]
[EventDate "2019.09.01"]
[EventRounds "7"]
[EventCountry "ITA"]
[Annotator "Bersca0.53"]

1. e4 d6 2. Nc3 Nf6 3. f4 g6 4. Nf3 Bg7 5. Bc4 O-O 6. d3 Nc6 7. O-O e5 8. fxe5
Nxe5 9. Nxe5 dxe5 10. Qe1 c6 11. Kh1 Qd6 12. Bg5 Nh5 13. Qh4 Be6 14. Be7 Qd7 15.
Bxe6 Qxe6 16. Bxf8 Rxf8 17. Ne2 f5 18. exf5 Rxf5 19. Rxf5 Qxf5 20. Ng3 Nxg3+ 21.
Qxg3 Qf4 22. Qxf4 exf4 23. c3 g5 24. Kg1 Kf7 1-0

[Event "47° Campionato Italiano Assoluto ASCID"]
[Site "Montesilvano (PE)"]
[Date "2019.09.03"]
[Round "4"]
[White "Pugliese, Giuseppe Franco"]
[Black "Badano, Giancarlo"]
[Result "1/2-1/2"]
[Board "3"]
[WhiteElo "1613"]
[BlackElo "1852"]
[TimeControl "40/6000+30:1200+30"]
[ECO "C44"]
[Opening "King's pawn game"]
[PlyCount "37"]
[EventDate "2019.09.01"]
[EventRounds "7"]
[EventCountry "ITA"]
[Annotator "Bersca0.53"]

1. e4 e5 2. Nf3 Nc6 3. a3 Nf6 4. Nc3 d5 5. exd5 Nxd5 6. Bb5 Nxc3 7. Bxc6+ bxc6
8. bxc3 Ba6 9. d3 Bd6 10. O-O O-O 11. Re1 Re8 12. Rb1 f6 13. Nd2 f5 14. f3 Bc5+
15. Kh1 Qh4 16. g3 Qh3 17. Qe2 Bb5 18. Qg2 Qxg2+ 19. Kxg2 1/2-1/2

[Event "47° Campionato Italiano Assoluto ASCID"]
[Site "Montesilvano (PE)"]
[Date "2019.09.03"]
[Round "4"]
[White "Sommadossi, Roberto"]
[Black "Gamba, Annamaria"]
[Result "1-0"]
[Board "4"]
[WhiteElo "1438"]
[BlackElo "1006"]
[TimeControl "40/6000+30:1200+30"]
[ECO "B32"]
[Opening "Sicilian"]
[Variation "Labourdonnais-Loewenthal variation"]
[PlyCount "81"]
[EventDate "2019.09.01"]
[EventRounds "7"]
[EventCountry "ITA"]
[Annotator "Bersca0.53"]

1. e4 c5 2. Nf3 Nc6 3. d4 cxd4 4. Nxd4 e5 5. Nb5 a6 6. Nd6+ Bxd6 7. Qxd6 Nf6 8.
Bg5 Nxe4 9. Bxd8 Nxd6 10. Bc7 Nb5 11. Bb6 O-O 12. Bxb5 axb5 13. Nc3 d6 14. Nxb5
Ra6 15. Bc7 d5 16. O-O Re8 17. a3 Bf5 18. Nd6 Re7 19. Nxf5 Rxc7 20. b4 b5 21.
Nd6 Nd4 22. Ne8 Rxc2 23. Rfc1 Kf8 24. Rxc2 Kxe8 25. Rc8+ Ke7 26. g3 Kd7 27. Rf8
Ke6 28. Rg8 Kf6 29. Kg2 e4 30. g4 h6 31. h4 g5 32. Rd1 Ke5 33. hxg5 hxg5 34.
Rxg5+ Kf4 35. Rxd5 Nf3 36. Rf5+ Kxg4 37. Rxf7 Ng5 38. Rg7 Rxa3 39. Rd5 Ra2 40.
Rgxg5+ Kf4 41. Rdf5# 1-0

[Event "47° Campionato Italiano Assoluto ASCID"]
[Site "Montesilvano (PE)"]
[Date "2019.09.03"]
[Round "4"]
[White "Raffi, Francesco"]
[Black "Battaglia, Gabriele"]
[Result "1-0"]
[Board "5"]
[WhiteElo "1315"]
[BlackElo "1382"]
[TimeControl "40/6000+30:1200+30"]
[ECO "A46"]
[Opening "Queen's pawn game"]
[PlyCount "73"]
[EventDate "2019.09.01"]
[EventRounds "7"]
[EventCountry "ITA"]
[Annotator "Bersca0.53"]

1. d4 Nf6 2. Nf3 d5 3. Bf4 c5 4. e3 cxd4 5. exd4 Nc6 6. c3 e6 7. Bd3 Be7 8. Nbd2
O-O 9. Ne5 Bd6 10. h4 Nd7 11. Nxc6 Qc7 12. Bxd6 Qxd6 13. Nb4 e5 14. Nc2 exd4 15.
Nxd4 Re8+ 16. Kf1 Ne5 17. N2f3 Bg4 18. Be2 Qf6 19. Nxe5 Bxe2+ 20. Qxe2 Rxe5 21.
Qd2 Rae8 22. g3 Qg6 23. Kg2 Qe4+ 24. Nf3 Rf5 25. Qe3 Qxe3 26. fxe3 Rxe3 27. Rhf1
h6 28. Rae1 Re4 29. Rxe4 dxe4 30. Nd4 Re5 31. Rf4 g5 32. hxg5 hxg5 33. Rf5 Re7
34. Rxg5+ Kf8 35. Kf2 f6 36. Rf5 Kg7 37. g4 1-0

[Event "47° Campionato Italiano Assoluto ASCID"]
[Site "Montesilvano (PE)"]
[Date "2019.09.03"]
[Round "4"]
[White "Zenini, Simone"]
[Black "Delmonte, Davide"]
[Result "1-0"]
[Board "6"]
[WhiteElo "1458"]
[BlackElo "1284"]
[TimeControl "40/6000+30:1200+30"]
[ECO "A13"]
[Opening "English opening"]
[PlyCount "63"]
[EventDate "2019.09.01"]
[EventRounds "7"]
[EventCountry "ITA"]
[Annotator "Bersca0.53"]

1. c4 e6 2. Nc3 d5 3. cxd5 exd5 4. d4 Nf6 5. Nf3 c5 6. Bg5 Be7 7. e3 Bf5 8. Bb5+
Nc6 9. O-O O-O 10. Bxc6 bxc6 11. Ne5 Bd6 12. Nxc6 Qc7 13. Ne5 Rfe8 14. Nf3 Rac8
15. Bxf6 gxf6 16. Nxd5 Qb8 17. Nxf6+ Kf8 18. Nxe8 Rxe8 19. b3 Re4 20. dxc5 Rg4
21. cxd6 Rg6 22. Qd5 Bh3 23. Ng5 Be6 24. Nxe6+ fxe6 25. Qc5 Qb7 26. g3 h5 27.
Qxh5 Kf7 28. Rac1 Kf6 29. Rc7 Qf3 30. Qxf3+ Ke5 31. Qf4+ Kd5 32. Rd1# 1-0

[Event "47° Campionato Italiano Assoluto ASCID"]
[Site "Montesilvano (PE)"]
[Date "2019.09.03"]
[Round "4"]
[White "Tolaro, Filippa"]
[Black "Scatà, Laura"]
[Result "0-1"]
[Board "7"]
[WhiteElo "1362"]
[BlackElo "1424"]
[TimeControl "40/6000+30:1200+30"]
[ECO "A45"]
[Opening "Queen's pawn game"]
[PlyCount "70"]
[EventDate "2019.09.01"]
[EventRounds "7"]
[EventCountry "ITA"]
[Annotator "Bersca0.53"]

1. d4 Nf6 2. Bf4 d5 3. Nf3 e6 4. e3 c5 5. c3 c4 6. Nbd2 Nc6 7. h3 Bd6 8. Bg5 b5
9. Be2 Bb7 10. b3 e5 11. bxc4 bxc4 12. e4 h6 13. Bh4 g5 14. Bg3 Nh5 15. Bxe5
Bxe5 16. dxe5 Nf4 17. O-O Nxe2+ 18. Qxe2 d4 19. Qxc4 dxc3 20. Qxc3 Qd7 21. e6
Qxe6 22. Qxh8+ Ke7 23. Qc3 g4 24. Qc5+ Ke8 25. Nh2 gxh3 26. Rab1 Qg6 27. g3 Bc8
28. Rfd1 h5 29. Ndf3 Bg4 30. Nh4 Qf6 31. e5 Nxe5 32. Qb5+ Kf8 33. Qb8+ Rxb8 34.
Rxb8+ Kg7 35. Nf5+ Qxf5 0-1

[Event "47° Campionato Italiano Assoluto ASCID"]
[Site "Montesilvano (PE)"]
[Date "2019.09.03"]
[Round "4"]
[White "Marinò, Giuseppe"]
[Black "Bosetti, Giancarlo"]
[Result "1-0"]
[Board "8"]
[WhiteElo "1406"]
[BlackElo "1335"]
[TimeControl "40/6000+30:1200+30"]
[ECO "C64"]
[Opening "Ruy Lopez"]
[Variation "classical (Cordel) defence"]
[PlyCount "41"]
[EventDate "2019.09.01"]
[EventRounds "7"]
[EventCountry "ITA"]
[Annotator "Bersca0.53"]

1. e4 e5 2. Nf3 Nc6 3. Bb5 Bc5 4. Bxc6 dxc6 5. d3 Bg4 6. h3 Bh5 7. Nbd2 Nf6 8.
b3 O-O 9. Bb2 Bd4 10. Bxd4 Qxd4 11. g4 Qd6 12. gxh5 Nxh5 13. Nc4 Qe6 14. Nfxe5
b5 15. Qxh5 bxc4 16. Nxc4 Qh6 17. Qxh6 gxh6 18. Ne5 c5 19. Nd7 Rae8 20. Nxf8
Rxf8 21. O-O-O 1-0

[Event "47° Campionato Italiano Assoluto ASCID"]
[Site "Montesilvano (PE)"]
[Date "2019.09.03"]
[Round "4"]
[White "Trapletti, Cosetta"]
[Black "Rivalta, Paolo"]
[Result "0-1"]
[Board "9"]
[WhiteElo "1248"]
[BlackElo "1440"]
[TimeControl "40/6000+30:1200+30"]
[ECO "A45"]
[Opening "Queen's pawn game"]
[PlyCount "86"]

[EventDate "2019.09.01"]
[EventRounds "7"]
[EventCountry "ITA"]
[Annotator "Bersca0.53"]

1. d4 Nf6 2. Bf4 d6 3. e3 Nc6 4. Nf3 Bf5 5. Bc4 e6 6. Ng5 a6 7. d5 h6 8. Nf3
exd5 9. Bb3 g5 10. Bg3 Bg7 11. c3 Nh5 12. O-O Nxg3 13. fxg3 Qe7 14. Qe2 Bg4 15.
Bxd5 O-O-O 16. Bxc6 bxc6 17. Nbd2 d5 18. Nb3 Rhe8 19. Qxa6+ Kd7 20. Rfe1 c5 21.
Na5 Qf6 22. Qb5+ c6 23. Qxc5 Qd6 24. Qa7+ Qc7 25. Qc5 Ra8 26. b4 h5 27. Rad1 Kc8
28. c4 Bf8 29. Qd4 Bxb4 30. Nb3 Bxe1 31. Rxe1 h4 32. Qxg4+ Kb7 33. Nc5+ Kb6 34.
Qd4 hxg3 35. Nd3+ Kb7 36. Nc5+ Kc8 37. cxd5 gxh2+ 38. Nxh2 Rxa2 39. Qg4+ Kb8 40.
dxc6 Qxc6 41. Qg3+ Ka8 42. Rc1 Rxe3 43. Qxe3 Qxg2# 0-1

[Event "47° Campionato Italiano Assoluto ASCID"]
[Site "Montesilvano (PE)"]
[Date "2019.09.03"]
[Round "4"]
[White "Gelmini, Marina Chiara"]
[Black "Prada, Susanna"]
[Result "1-0"]
[Board "10"]
[WhiteElo "1440"]
[BlackElo "1440"]
[TimeControl "40/6000+30:1200+30"]
[ECO "C42"]
[Opening "Petrov"]
[Variation "Italian variation"]
[PlyCount "81"]
[EventDate "2019.09.01"]
[EventRounds "7"]
[EventCountry "ITA"]
[Annotator "Bersca0.53"]

1. e4 e5 2. Nf3 Nf6 3. Bc4 Bc5 4. O-O O-O 5. d3 d6 6. Nc3 Be6 7. Bb5 Nbd7 8. Bd2
a6 9. Ba4 b5 10. Nxb5 axb5 11. Bxb5 c6 12. Bxc6 Nb8 13. Bxa8 Na6 14. Bb7 Nc7 15.
b4 Bd4 16. c3 Ba7 17. Bc6 Qe7 18. Qa4 Bb6 19. Rae1 Ng4 20. Qa3 Qh4 21. Nxh4 h6
22. Bb7 Nb5 23. Qa6 Bxf2+ 24. Rxf2 Nxf2 25. Kxf2 g5 26. Nf3 Bg4 27. Ng1 f5 28.
Ke3 f4+ 29. Kf2 f3 30. Qxb5 fxg2+ 31. Kg3 h5 32. h4 d5 33. Bxd5+ Kg7 34. Qd7+
Bxd7 35. Bxg5 Rf5 36. exf5 Bxf5 37. Rxe5 Bxd3 38. Re7+ Kg6 39. Re6+ Kf5 40. Be4+
Bxe4 41. Re7 1-0

[Event "47° Campionato Italiano Assoluto ASCID"]
[Site "Montesilvano (PE)"]
[Date "2019.09.04"]
[Round "5"]
[White "Casadei, Marco"]
[Black "Vrioni, Bersan"]
[Result "1/2-1/2"]
[Board "1"]
[WhiteElo "1931"]
[BlackElo "1930"]
[TimeControl "40/6000+30:1200+30"]
[ECO "C59"]
[Opening "Two knights defence"]
[PlyCount "87"]
[EventDate "2019.09.01"]
[EventRounds "7"]
[EventCountry "ITA"]
[Annotator "Bersca0.53"]

1. e4 e5 2. Nf3 Nc6 3. Bc4 Nf6 4. Ng5 d5 5. exd5 Na5 6. Bb5+ c6 7. dxc6 bxc6 8.
Be2 h6 9. Nf3 e4 10. Ne5 Bd6 11. d4 exd3 12. Nxd3 Qc7 13. Nc3 Bxh2 14. b3 Bd6
15. Be3 Bf5 16. Qd2 O-O-O 17. O-O-O Bb4 18. Qe1 Bxd3 19. Rxd3 Rxd3 20. Bxd3 Re8
21. Kb2 Nb7 22. a3 Bc5 23. Qd2 Bxe3 24. fxe3 Qe5 25. Rh3 Nc5 26. Rf3 Nfe4 27.
Bxe4 Nxe4 28. Qd4 Qxd4 29. exd4 Ng5 30. Rf2 f6 31. d5 Kc7 32. b4 a6 33. dxc6
Kxc6 34. a4 Re5 35. b5+ axb5 36. axb5+ Kc5 37. Rf4 Ne6 38. Rg4 h5 39. Rh4 Nc7
40. g4 hxg4 41. Rxg4 Re7 42. Rf4 Nxb5 43. Ne4+ Kd5 44. Nxf6+ 1/2-1/2

[Event "47° Campionato Italiano Assoluto ASCID"]
[Site "Montesilvano (PE)"]
[Date "2019.09.04"]
[Round "5"]
[White "Badano, Giancarlo"]
[Black "Sommadossi, Roberto"]
[Result "1-0"]
[Board "2"]
[WhiteElo "1852"]
[BlackElo "1438"]
[TimeControl "40/6000+30:1200+30"]
[ECO "C55"]
[Opening "Two knights defence (Modern bishop's opening)"]
[PlyCount "75"]
[EventDate "2019.09.01"]
[EventRounds "7"]
[EventCountry "ITA"]
[Annotator "Bersca0.53"]

1. e4 e5 2. Nf3 Nc6 3. Bc4 Nf6 4. d3 Bc5 5. Nc3 Na5 6. Nxe5 O-O 7. Bb3 d6 8. Nf3
Bg4 9. O-O c6 10. h3 Bh5 11. Be3 b5 12. Bxc5 dxc5 13. g4 Bg6 14. Ne5 Qd4 15.
Nxg6 hxg6 16. Qe2 b4 17. Na4 c4 18. Bxc4 Nxc4 19. dxc4 Nxe4 20. Rad1 Qe5 21. f3
Qg3+ 22. Qg2 Qxg2+ 23. Kxg2 Ng5 24. Nc5 Rad8 25. h4 Ne6 26. Nxe6 fxe6 27. Rd3
Rxd3 28. cxd3 Rf4 29. Kf2 c5 30. Re1 Kf7 31. Re5 Rd4 32. Ke3 Rd6 33. Rxc5 Ra6
34. Rb5 Rxa2 35. Rxb4 a5 36. Rb7+ Kf6 37. Ke4 a4 38. g5# 1-0

[Event "47° Campionato Italiano Assoluto ASCID"]
[Site "Montesilvano (PE)"]
[Date "2019.09.04"]
[Round "5"]
[White "Raffi, Francesco"]
[Black "Murgia, Stefano"]
[Result "0-1"]
[Board "3"]
[WhiteElo "1315"]
[BlackElo "1603"]
[TimeControl "40/6000+30:1200+30"]
[ECO "A80"]
[Opening "Dutch"]
[PlyCount "48"]
[EventDate "2019.09.01"]
[EventRounds "7"]
[EventCountry "ITA"]
[Annotator "Bersca0.53"]

1. d4 f5 2. Nf3 Nf6 3. Bf4 d6 4. e3 g6 5. c4 Bg7 6. Nc3 O-O 7. Bd3 e6 8. h4 h6
9. Qd2 Ng4 10. O-O-O e5 11. Bg3 Nc6 12. dxe5 dxe5 13. Bc2 Be6 14. Qxd8 Raxd8 15.
b3 Rxd1+ 16. Rxd1 f4 17. exf4 exf4 18. Bh2 Bxc3 19. Bxg6 Nxf2 20. Rf1 Ng4 21.
Bg1 Ne3 22. Rf2 Rd8 23. Bc2 Nb4 24. Bb1 Rd1# 0-1

[Event "47° Campionato Italiano Assoluto ASCID"]
[Site "Montesilvano (PE)"]
[Date "2019.09.04"]
[Round "5"]
[White "Scatà, Laura"]
[Black "Pugliese, Giuseppe Franco"]
[Result "0-1"]
[Board "4"]
[WhiteElo "1424"]
[BlackElo "1613"]
[TimeControl "40/6000+30:1200+30"]
[ECO "A48"]
[Opening "King's Indian"]
[Variation "London system"]
[PlyCount "70"]
[EventDate "2019.09.01"]
[EventRounds "7"]
[EventCountry "ITA"]
[Annotator "Bersca0.53"]

1. d4 Nf6 2. Nf3 g6 3. Bf4 Bg7 4. Qd2 h6 5. Nc3 d5 6. e3 Ne4 7. Qd3 Bf5 8. Nxe4
dxe4 9. Qd2 exf3 10. gxf3 e5 11. Bg3 exd4 12. O-O-O O-O 13. e4 Be6 14. Kb1 c5
15. h4 Nc6 16. h5 g5 17. f4 f6 18. fxg5 fxg5 19. f4 Bf6 20. fxg5 Bxg5 21. Qg2
Qf6 22. Be2 d3 23. Rxd3 Qg7 24. Rd6 Kf7 25. Rf1+ Ke7 26. Bf3 Ne5 27. Rdd1 Nxf3
28. Rxf3 Rxf3 29. Qxf3 Rf8 30. Qa3 Kf7 31. Qxc5 Kg8 32. Qc7 Qxc7 33. Bxc7 Bg4
34. Rh1 Rf7 35. e5 Rxc7 0-1

[Event "47° Campionato Italiano Assoluto ASCID"]
[Site "Montesilvano (PE)"]
[Date "2019.09.04"]
[Round "5"]
[White "Pezzolato, Erica"]
[Black "Zenini, Simone"]
[Result "0-1"]
[Board "5"]
[WhiteElo "1447"]
[BlackElo "1458"]
[TimeControl "40/6000+30:1200+30"]
[ECO "A20"]
[Opening "English opening"]
[PlyCount "78"]
[EventDate "2019.09.01"]
[EventRounds "7"]
[EventCountry "ITA"]
[Annotator "Bersca0.53"]

1. c4 e5 2. d3 Nf6 3. Nf3 Nc6 4. g3 d5 5. cxd5 Nxd5 6. Bg2 Be6 7. O-O Qd7 8. Bd2
Bh3 9. Nc3 Bxg2 10. Kxg2 Bc5 11. Qa4 Nb6 12. Qc2 f6 13. Rac1 g5 14. Ne4 Be7 15.
a4 f5 16. Nexg5 f4 17. Ne4 fxg3 18. fxg3 O-O-O 19. Nfg5 Nd4 20. Qd1 Rde8 21. Rf7
Qg4 22. e3 Qxd1 23. Rxd1 Bxg5 24. Nxg5 h6 25. Ne4 Nc6 26. b3 Nd5 27. Nc3 Ndb4
28. Nb5 Nd5 29. Rc1 a6 30. Nc3 Nde7 31. Ne4 Rd8 32. Nf2 h5 33. h3 Rdg8 34. Bb4
Nd5 35. Bd2 Nde7 36. Bc3 Ng6 37. d4 Re8 38. Rf6 Nge7 39. dxe5 Nd5 0-1

[Event "47° Campionato Italiano Assoluto ASCID"]
[Site "Montesilvano (PE)"]
[Date "2019.09.04"]
[Round "5"]
[White "Gamba, Annamaria"]
[Black "Marinò, Giuseppe"]
[Result "0-1"]
[Board "6"]
[WhiteElo "1006"]
[BlackElo "1406"]
[TimeControl "40/6000+30:1200+30"]
[ECO "D02"]
[Opening "Queen's bishop game"]
[PlyCount "98"]
[EventDate "2019.09.01"]
[EventRounds "7"]
[EventCountry "ITA"]
[Annotator "Bersca0.53"]

1. d4 d5 2. Nf3 Nf6 3. Bf4 e6 4. e3 Bd6 5. Bxd6 Qxd6 6. c4 dxc4 7. Bxc4 Qb4+ 8.
Nbd2 Ne4 9. a3 Nxf2 10. Kxf2 Qe7 11. Re1 O-O 12. Rc1 c6 13. a4 Nd7 14. Ne5 Nxe5
15. dxe5 f6 16. exf6 Qxf6+ 17. Kg1 Qxb2 18. Rc2 Qe5 19. Nf3 Qc7 20. Nd4 Qe5 21.
Qg4 Rf6 22. Rf2 Rxf2 23. Kxf2 Bd7 24. Kg1 Re8 25. Qg3 Qxg3 26. hxg3 Kh8 27. Rf1
g6 28. Rf7 Bc8 29. Rf6 Kg7 30. Rf4 Re7 31. Kf2 e5 32. Nf5+ gxf5 33. Rh4 Kg6 34.
Be2 Kg5 35. Rh5+ Kf6 36. Kg1 Rc7 37. Rh4 c5 38. e4 c4 39. Bd1 c3 40. Bc2 Rc4 41.
Kf2 a6 42. Rh1 b5 43. axb5 axb5 44. Ke3 Kg6 45. exf5+ Bxf5 46. Bd3 Rc5 47. Rc1
b4 48. Bc2 Bxc2 49. Rxc2 b3 0-1

[Event "47° Campionato Italiano Assoluto ASCID"]
[Site "Montesilvano (PE)"]
[Date "2019.09.04"]
[Round "5"]
[White "Battaglia, Gabriele"]
[Black "Tolaro, Filippa"]
[Result "1-0"]
[Board "7"]
[WhiteElo "1382"]
[BlackElo "1362"]
[TimeControl "40/6000+30:1200+30"]
[ECO "A04"]
[Opening "Reti opening"]
[PlyCount "49"]
[EventDate "2019.09.01"]
[EventRounds "7"]
[EventCountry "ITA"]
[Annotator "Bersca0.53"]

1. Nf3 c6 2. g3 d5 3. Bg2 Bg4 4. O-O Nf6 5. d3 e6 6. Nbd2 Be7 7. e4 dxe4 8. dxe4
Nbd7 9. Qe1 e5 10. b3 O-O 11. Bb2 Bb4 12. Nxe5 Nxe5 13. Bxe5 Bxd2 14. Qb1 Be2
15. Qb2 Bxf1 16. Bxf1 Re8 17. f3 Be3+ 18. Kh1 Qc7 19. Bxc7 Re7 20. Be5 Kf8 21.
Bd6 Rd8 22. Bxe7+ Kxe7 23. Qa3+ Ke8 24. b4 g6 25. Qxe3 1-0

[Event "47° Campionato Italiano Assoluto ASCID"]
[Site "Montesilvano (PE)"]
[Date "2019.09.04"]
[Round "5"]
[White "Rivalta, Paolo"]
[Black "Gelmini, Marina Chiara"]
[Result "1-0"]
[Board "8"]
[WhiteElo "1440"]
[BlackElo "1440"]
[TimeControl "40/6000+30:1200+30"]
[ECO "C20"]
[Opening "KP"]
[Variation "Lopez opening"]
[PlyCount "37"]
[EventDate "2019.09.01"]
[EventRounds "7"]
[EventCountry "ITA"]
[Annotator "Bersca0.53"]

1. e4 e5 2. c3 Be7 3. d4 Nf6 4. dxe5 O-O 5. exf6 Bxf6 6. Bd3 Nc6 7. Nf3 Qe7 8.
O-O d6 9. b4 b5 10. Bb2 Be6 11. Bxb5 Qd7 12. Nd4 Rfe8 13. Bxc6 Qe7 14. Bxa8 Rxa8
15. Nd2 d5 16. c4 dxc4 17. Qf3 Bg5 18. Rad1 c6 19. Rfe1 1-0

[Event "47° Campionato Italiano Assoluto ASCID"]
[Site "Montesilvano (PE)"]
[Date "2019.09.04"]
[Round "5"]
[White "Bosetti, Giancarlo"]
[Black "Trapletti, Cosetta"]
[Result "1-0"]
[Board "9"]
[WhiteElo "1335"]
[BlackElo "1248"]
[TimeControl "40/6000+30:1200+30"]
[ECO "C54"]
[Opening "Giuoco piano"]
[Variation "Greco's attack"]
[PlyCount "135"]
[EventDate "2019.09.01"]
[EventRounds "7"]
[EventCountry "ITA"]
[Annotator "Bersca0.53"]

1. e4 e5 2. Nf3 Nc6 3. Bc4 Bc5 4. c3 Nf6 5. d4 exd4 6. cxd4 Bb4+ 7. Nc3 Nxe4 8.
O-O d5 9. Nxe4 dxc4 10. a3 Be7 11. d5 Na5 12. Bd2 O-O 13. Bxa5 Bf5 14. Nc3 b6
15. d6 Bxd6 16. Bb4 c5 17. Nb5 Bf4 18. Qxd8 Rfxd8 19. Rfd1 cxb4 20. axb4 Rxd1+
21. Rxd1 a6 22. Na3 b5 23. Nb1 Bxb1 24. Rxb1 h6 25. Rd1 Re8 26. Kf1 Kh7 27. g3
Bc7 28. Ra1 Re6 29. Nd4 Rd6 30. Nf3 Bb6 31. Rxa6 f6 32. Ra1 f5 33. Re1 Rf6 34.
Re2 f4 35. Re5 fxg3 36. Kg2 gxf2 37. Rxb5 Rg6+ 38. Kf1 Rf6 39. Kg2 Re6 40. Re5
Rd6 41. h4 Rd8 42. Nh2 Rd2 43. Re4 Rxb2 44. Rxc4 Rb1 45. h5 Rg1+ 46. Kf3 f1=Q+
47. Nxf1 Rxf1+ 48. Ke4 Re1+ 49. Kd5 Bd8 50. b5 Bb6 51. Kc6 Re6+ 52. Kb7 Bd8 53.
Rc6 Re7+ 54. Kc8 Re8 55. Kd7 Rf8 56. Rc8 Kg8 57. Rxd8 Kf7 58. Rxf8+ Kxf8 59. b6
g5 60. hxg6 h5 61. b7 h4 62. b8=Q+ Kg7 63. Qb2+ Kxg6 64. Ke6 Kg5 65. Ke5 Kg4 66.
Qg2+ Kh5 67. Kf5 Kh6 68. Qg6# 1-0

[Event "47° Campionato Italiano Assoluto ASCID"]
[Site "Montesilvano (PE)"]
[Date "2019.09.04"]
[Round "5"]
[White "Delmonte, Davide"]
[Black "Prada, Susanna"]
[Result "1-0"]
[Board "10"]
[WhiteElo "1284"]
[BlackElo "1440"]
[TimeControl "40/6000+30:1200+30"]
[ECO "D06"]
[Opening "QGD"]
[Variation "Marshall defence"]
[PlyCount "43"]
[EventDate "2019.09.01"]
[EventRounds "7"]
[EventCountry "ITA"]
[Annotator "Bersca0.53"]

1. d4 d5 2. c4 Nf6 3. Nf3 Nc6 4. Bf4 Bg4 5. e3 e5 6. dxe5 Bb4+ 7. Nc3 O-O 8.
exf6 Qxf6 9. Qc2 Bxf3 10. gxf3 Qh4 11. O-O-O Na5 12. cxd5 Qe7 13. Rg1 Ba3 14.
bxa3 b5 15. Bh6 g6 16. Ne4 Qxa3+ 17. Kd2 Rad8 18. f4 Qe7 19. Qc3 c6 20. Nf6+ Kh8
21. Nh5+ Kg8 22. Qg7# 1-0